AoeStats
← Zumoshi

Arabia

507479433Analyzed
1v1 RM · 15d ago on Sep 18, 2026· 37m 52s· 2 players
Game mode
Random Map
Map size
Tiny (2 player)
Population
200
Speed
Normal
Resources
Standard
Victory
Conquest
Starting age
Dark Age
Ending age
Imperial Age
RankedLock teamsTeams togetherTeam positionsShared explorationLock speedFull tech treeHidden civsTurbo modeCheats
Victory
Defeat
🇮🇱 Khitans · Israel
1134
+15
🇩🇪 Lithuanians · Germany
1110
-15
Who Rain Sun
6:59 Loom
9:20 Feudal Age
10:05 Double-Bit Axe
10:11 Horse Collar
19:32 Castle Age
17:52 Gold Mining
18:58 Bloodlines
19:08 Forging
19:28 Bloodlines
20:15 Scale Barding Armor
21:07 Bow Saw
25:49 Iron Casting
29:10 Chain Barding Armor
28:58 Husbandry
32:09 Fletching
34:17 Bodkin Arrow
39:20 Imperial Age
37:50 Ballistics
Zumoshi
7:03 Loom
9:38 Feudal Age
10:31 Double-Bit Axe
17:06 Domestication
20:44 Castle Age
19:15 Gold Mining
20:48 Scale Barding Armor
20:54 Forging
21:35 Bow Saw
22:36 Chain Barding Armor
23:02 Husbandry
26:55 Iron Casting
33:28 Wheelbarrow
35:33 Pastoralism
40:35 Imperial Age
Connection lost

Rejoining the realm…

Still unreachable

The connection could not be restored.

Session expired

The server has moved on; the page needs a fresh start.